 Dungeon Crawl Stone Soup version 0.25-a0-611-g6918904 (webtiles) character file.

Game seed: 2057760883707594636, levelgen mode: deterministic

491 robertstho the Skirmisher (level 6, 0/61 HPs)
             Began as a Troll Fighter on Mar 16, 2020.
             Was a Follower of Lugonu.
             Slain by a two-headed ogre
             ... wielding a +0 giant club
              (12 damage)
             ... on level 5 of the Dungeon.
             The game lasted 00:05:09 (3301 turns).

robertstho the Skirmisher (Troll Fighter)           Turns: 3301, Time: 00:05:10

Health: 0/61       AC:  6    Str: 25    XL:     6   Next: 91%
Magic:  5/5        EV: 11    Int:  5    God:    Lugonu [*.....]
Gold:   120        SH:  0    Dex: 10    Spells: 5/5 levels left

rFire    . . .     SeeInvis .   c - +2 scythe (distort)
rCold    . . .     Gourm    +   (shield currently unavailable)
rNeg     . . .     Faith    .   a - +0 robe
rPois    .         Spirit   .   (helmet restricted)
rElec    .         Reflect  .   m - scarf {cloud immunity}
rCorr    .         Harm     .   (gloves unavailable)
MR       .....                  (boots unavailable)
Stlth    +.........             (no amulet)
HPRegen  0.60/turn              (no ring)
MPRegen  0.09/turn              (no ring)

@: no status effects
A: large, unfitting armour, claws 3, fast metabolism 3, gourmand, regeneration
1, shaggy fur 1, tough skin 3
a: Depart the Abyss, Renounce Religion


You were on level 5 of the Dungeon.
You worshipped Lugonu.
Lugonu was aware of your devotion.
You were very full.

You visited 1 branch of the dungeon, and saw 5 of its levels.
You visited the Abyss 1 time.

You collected 120 gold pieces.

Inventory:

Hand Weapons
 c - a +2 scythe of distortion (weapon)
 s - a +0 antimagic war axe
Armour
 a - a +0 robe (worn)
 b - a +0 kite shield
 m - a scarf of cloud immunity (worn)
Jewellery
 o - an uncursed amulet of magic regeneration {unknown}
Scrolls
 e - a scroll of teleportation {unknown}
 f - 8 scrolls of identify {unknown}
 h - 2 scrolls of enchant armour {unknown}
 i - a scroll of noise {unknown}
 j - a scroll of random uselessness {unknown}
 k - 4 scrolls of remove curse {unknown}
 n - a scroll of enchant weapon {unknown}
 r - 4 scrolls of fear {unknown}
Potions
 g - a potion of degeneration {unknown}
 l - a potion of curing {unknown}
 p - a potion of brilliance {unknown}
 t - a potion of might
 u - a potion of berserk rage {unknown}
Comestibles
 d - 4 rations


   Skills:
 * Level 3.5 Fighting
 + Level 1.4 Polearms
 * Level 2.1 Armour
 + Level 3.5 Dodging
 - Level 0.4 Stealth
 + Level 3.2 Shields
 + Level 3.4 Unarmed Combat
 * Level 1.1 Invocations


You had 5 spell levels left.
You didn't know any spells.
Your spell library was empty.

Dungeon Overview and Level Annotations

Branches:
Dungeon (5/15)
 Temple: D:4-7

Altars:
Okawaru

Shops:
D:4 [


Innate Abilities, Weirdness & Mutations

You are too large for most types of armour.
You have claws for hands.
Your metabolism is lightning-fast.
You like to eat raw meat.
Your natural rate of healing is unusually fast.
You are covered in fur. (AC +1)
You have extremely tough skin. (AC +3)


Message History

Attack whom?
Press: ? - help, Dir - move target cursor, f - two-headed ogre
Aim: a two-headed ogre, wielding two +0 giant clubs You reach to attack!
You barely miss the two-headed ogre. The two-headed ogre barely misses you.
The two-headed ogre hits you with a +0 giant club.
You closely miss the two-headed ogre. The centaur skeleton hits you!
The two-headed ogre hits you with a +0 giant club!
The two-headed ogre closely misses you. The centaur skeleton barely misses you.
You hit the two-headed ogre.
Space warps horribly around the two-headed ogre!
The two-headed ogre is moderately wounded.
The centaur skeleton barely misses you.
The two-headed ogre hits you with a +0 giant club.
The two-headed ogre hits you with a +0 giant club!
The centaur skeleton closely misses you.
The two-headed ogre hits you with a +0 giant club!
* * * LOW HITPOINT WARNING * * *
The two-headed ogre hits you with a +0 giant club!
You die...

........ .. .......
..###..... .$........
.......#.##
.........###
#........#
.##.##......########
......Z@##.........##
.......O##########..#
..>.....# ##.#
#...##.## ##### #.#
... .#####...#####.#
.. ..#>.##...##.>#.#
# ..#...#...#...#.#
..###..#...#'.##.#
#####.....####.#


You could see a two-headed ogre and a centaur skeleton.

Vanquished Creatures
  Sigmund (D:2)
  An orc wizard (D:3)
  Jessica (D:2)
  2 iguanas (D:4)
  A worker ant (D:4)
  A mummy (D:4)
  5 adders
  3 worms
  A dart slug (D:1)
  3 leopard geckos
  4 orcs (D:3)
  3 giant cockroaches
  8 goblins
  3 hobgoblins (D:1)
  9 jackals
  6 kobolds
  2 quokkas
  8 bats
  3 frilled lizards
  2 hobgoblin zombies (D:4)
  2 kobold zombies (D:4)
  8 rats
77 creatures vanquished.

Vanquished Creatures (others)
  A scorpion (D:4)
  An orc wizard (D:3)
2 creatures vanquished.

Grand Total: 79 creatures vanquished

Notes
Turn   | Place    | Note
-------+----------+-------------------------------------------
     0 | D:1      | robertstho the Troll Fighter began the quest for the Orb.
     0 | D:1      | Reached XP level 1. HP: 22/22 MP: 0/0
   338 | D:1      | Reached XP level 2. HP: 29/29 MP: 1/1
   835 | D:1      | Reached XP level 3. HP: 36/36 MP: 2/2
  1119 | D:2      | Noticed Jessica
  1136 | D:2      | Reached skill level 1 in Armour
  1142 | D:2      | Killed Jessica
  1142 | D:2      | Reached XP level 4. HP: 42/44 MP: 3/3
  1275 | D:2      | Noticed Sigmund
  1403 | D:2      | Cast into level 1 of the Abyss (Sigmund)
  1464 | Abyss:1  | Found a corrupted altar of Lugonu.
  1498 | Abyss:1  | Noticed an apocalypse crab
  1517 | Abyss:1  | Became a worshipper of Lugonu the Unformed
  1517 | Abyss:1  | Reached * piety under Lugonu
  1518 | D:2      | Escaped the Abyss
  1531 | D:2      | Killed Sigmund
  1531 | D:2      | Reached XP level 5. HP: 49/53 MP: 4/4
  1647 | D:2      | Found an iron altar of Okawaru.
  1877 | D:3      | Reached XP level 6. HP: 59/61 MP: 5/5
  2202 | D:3      | HP: 2/61 [orc/+0 trident (6)]
  2584 | D:4      | Reached skill level 1 in Polearms
  2749 | D:4      | Reached skill level 1 in Invocations
  2910 | D:4      | Found Mostrar's Armour Shop.
  3224 | D:5      | Entered Level 5 of the Dungeon
  3228 | D:5      | Noticed a two-headed ogre
  3301 | D:5      | Slain by a two-headed ogre

Levels and vault maps discovered:
D:1:      matt_arrival_refuge, layout_basic
D:2:      layout_loops_cross, nicolae_overflow_hidden_temple,
          minmay_misc_feat_encased, uniq_sigmund, uniq_jessica
D:3:      layout_loops_ring, first_ration
D:4:      layout_basic, serial_shops, shop, minmay_mini_ossuary
D:5:      layout_cave_pools, grunt_ministairs_6, serial_park_tiny_1,
          uniq_duvessa

Skill      XL: |  1  2  3  4  5  6 |
---------------+-------------------+-----
Armour         | 1 2 |  2.1
Shields        | 3 |  3.2
Fighting       | 3 |  3.5
Dodging        | 3 |  3.5
Unarmed Combat | 3 |  3.4
Polearms       | 1 |  1.4
Invocations    | 1 |  1.1
Stealth        | |  0.4

Action                   |  1- 3 |  4- 6 || total
-------------------------+-------+-------++-------
Melee: Unarmed           |    94 |    35 ||   129
       Scythe            |       |   110 ||   110
Invok: Depart the Abyss  |       |     1 ||     1
  Use: Potion            |       |     5 ||     5
 Stab: Sleeping          |     1 |     2 ||     3
  Eat: Chunk             |    16 |    19 ||    35
Armor: Robe              |    34 |    81 ||   115
Dodge: Dodged            |    42 |   149 ||   191
Block: Kite shield       |    45 |    10 ||    55

Table legend:
 A = Non-vault XP
 B = Vault XP
 C = Vault XP percentage of total XP
 D = Non-vault monster count
 E = Vault monster count
 F = Vault count percentage of total count
                 A         B        C        D         E       F
            +---------+---------+-------+---------+---------+-------
      Total |     414 |     288 |  41.0 |      71 |       8 |  10.1
            +---------+---------+-------+---------+---------+-------
        D:1 |      43 |       0 |   0.0 |      24 |       0 |   0.0
        D:2 |      59 |     264 |  81.7 |      15 |       2 |  11.8
        D:3 |     146 |       0 |   0.0 |      23 |       0 |   0.0
        D:4 |     166 |      22 |  11.7 |       9 |       5 |  35.7
        D:5 |       0 |       2 | 100.0 |       0 |       1 | 100.0
            +---------+---------+-------+---------+---------+-------
